woodfighter, neutral female scurrid Tourist -------- --------- |......| #-.......| ---------- |......| #|...>....######## # ##@d.......- -|--|--- #|.......| # ---.----------- # |...........| # # `|.......| ##..............-####### ...........| #### #|.|.....| ##|.............| ..........| ## ##....----- |.............| ...$...---- ### ##----- --------------- -------- ### #### #### # # -.-.-###### |...|# # |.<.%#### |...| # |....## |...| ----- woodfighter the Excursionist Experience level: 7 Strength: 25 Dexterity: 14 Constitution: 13 Intelligence: 12 Wisdom: 10 Charisma: 18 Health: 0(42) Energy: 35(35) Def: 3 Gold: 2179 Moves: 2193 Dungeon seed: El87E7_odxMxcrcx Game ID: woodfighter_1527613472 Your Inventory: Coins $ - 2179 gold pieces Weapons a - 34 +2 darts (in quiver) m - 41 +0 darts Armor e - an uncursed +0 Hawaiian shirt q - a blessed +1 pair of jumping boots (being worn) r - an uncursed +0 pair of gauntlets of power (being worn) N - an uncursed +0 pair of leather gloves Y - an uncursed +0 dwarvish cloak Z - an uncursed +0 dwarvish cloak Comestibles b - an uncursed tripe ration c - 4 uncursed fortune cookies d - an uncursed banana f - 4 uncursed food rations g - 3 uncursed chestnuts h - 2 uncursed eggs v - 3 uncursed lichen corpses H - an uncursed sprig of wolfsbane R - an uncursed cram ration Scrolls k - 4 uncursed scrolls of magic mapping s - 2 uncursed scrolls of scare monster x - an uncursed scroll of confuse monster B - a cursed scroll of enchant weapon D - an uncursed scroll of earth F - an uncursed scroll of blank paper J - an uncursed scroll of gold detection K - 2 uncursed scrolls of identify M - an uncursed scroll of punishment O - a blessed scroll of light V - 3 uncursed scrolls of enchant weapon Potions j - 3 uncursed potions of extra healing p - an uncursed potion of object detection t - an uncursed potion of confusion u - an uncursed potion of gain energy z - an uncursed potion of restore ability L - an uncursed potion of sleeping X - an uncursed potion of paralysis Rings S - an uncursed ring of regeneration Wands n - a wand of secret door detection (0:11) w - a wand of polymorph (0:8) A - a wand of undead turning (0:5) Tools l - an expensive camera (0:83) o - an uncursed leash y - an uncursed credit card I - an uncursed pair of lenses Spells and supernatural/magical abilities: Name Level Category Fail Memory W - pray for help -- divine ? -- Y - supernatural jump -- ability ? -- Your skills at the end: Miscellaneous Skills wands [Basic] Weapon Skills dart [Basic] Spellcasting Skills Final Attributes: You were devoutly aligned. You were telepathic. You had infravision. You were very stealthy. You could jump. You were lucky. You are dead. Vanquished creatures: 2 wolves an owlbear 2 piranhas a jaguar a fog cloud a gray ooze a paper golem 2 giant ants 2 floating eyes a kitten 2 dwarves 2 iguanas 3 hill orcs a rabid rat a jitterbug a giant bat 8 killer bees a coyote a large kobold 4 geckos 2 cave spiders 5 jackals a kobold 4 newts a sewer rat 10 grid bugs 5 lichens a kobold zombie 67 creatures vanquished. Voluntary challenges: You did not adorn yourself with jewelry or accessories. You did not cause conflict. You were not invisible. You did not have reflection. You were not displaced. You were an atheist. You never hit with a wielded weapon. You did not apply a unicorn horn. You did not use plumbed fixtures. You did not drink any magical draughts. You were illiterate. You never genocided any monsters. You never polymorphed an object. You never changed form. You used no wishes. You never split a pudding. You never wrote Elbereth's name. You never violated your personal moral code. Dungeon overview: The Dungeons of Doom: levels 1 to 9 Level 1 a fountain, a sink a long staircase Level 2 a weapon shop Level 3 a fountain, a sink stairs to The Gnomish Mines Level 4 a general store, a fountain Level 5 a potion shop Level 6 Level 7 a fountain Level 8 <- You were here Level 9 The Gnomish Mines: Level 4 stairs to The Dungeons of Doom History has recorded: On T:1 you entered the Dungeons of Doom to retrieve the Amulet of Yendor! On T:127 you reached level 2 of The Dungeons of Doom. On T:375 you reached level 3 of The Dungeons of Doom. On T:526 you advanced to experience level 2. On T:543 you reached level 4 of The Dungeons of Doom. On T:690 you reached level 1 of The Gnomish Mines. On T:865 you advanced to experience level 3. On T:892 you reached level 5 of The Dungeons of Doom. On T:1287 you advanced to experience level 4. On T:1404 you reached level 6 of The Dungeons of Doom. On T:1647 you advanced to experience level 5. On T:1695 you reached level 7 of The Dungeons of Doom. On T:1714 you advanced to experience level 6. On T:1765 you reached level 8 of The Dungeons of Doom. On T:2107 you reached level 9 of The Dungeons of Doom. On T:2186 you advanced to experience level 7. Score breakdown: Gold: 1979 ( 197 points) Experience: 7 levels ( 600 points) Exploration: 9 levels ( 240 points) Discoveries: 23 items ( 1150 points) Variety of kills: 28 monsters ( 1400 points) Major goal: (nothing yet) ( 0 points) Survival: died (score multiplied by 3) Total score: 10761 Latest messages: The dart hits the wolf! The dart hits the wolf! The wolf bites! You kill the wolf! The dart hits the owlbear! The owlbear punches you! (2x) The owlbear grabs you! The dart hits the owlbear! You kill the owlbear! Welcome to experience level 7. The werewolf picks up 8 +2 darts. The werewolf punches you! The dart hits the werewolf! a - a +2 dart (in quiver). There is a doorway here. There are a few objects here. The werewolf changes into a wolf. The dart hits the werewolf! The werewolf bites! You die... Final status: Aloha woodfighter the Tourist, killed by a werewolf... You died in The Dungeons of Doom on dungeon level 8 with 10761 points, and 2179 pieces of gold, after 2193 moves. You were level 7 with a maximum of 42 hit points when you died.